 Dungeon Crawl Stone Soup version 0.31-a0-978-g1e143483b6 (webtiles) character file.

Game seed: 3598045029962152517

8075 p00ps00p the Cleaver (level 11, -2/101 HPs)
             Began as a Hill Orc Fighter on Oct 31, 2023.
             Was an Initiate of Gozag.
             Slain by a vampire (4 damage)
             ... on level 11 of the Dungeon.
             The game lasted 00:17:05 (9590 turns).

p00ps00p the Cleaver (Hill Orc Fighter)             Turns: 9590, Time: 00:17:05

Health: -2/101     AC: 14    Str: 24    XL:     11   Next: 25%
Magic:  11/11      EV:  8    Int:  8    God:    Gozag
Gold:   213        SH: 17    Dex: 16    Spells: 10/10 levels left

rFire   . . .        a - +2 war axe
rCold   . . .        C - +0 kite shield
rNeg    . . .        v - +0 chain mail
rPois   .            D - +0 helmet
rElec   .            E - scarf {repulsion}
rCorr   .            B - +0 pair of gloves
SInv    .            (no boots)
Will    .....        q - amulet of reflection Stlth
                     j - +6 ring of dexterity
HPRegen 0.36/turn    t - +4 ring of slaying
MPRegen 0.12/turn

%: repel missiles, reflection
@: mighty, gold aura, slowed, invisible, very slow
A: no striking features
a: Renounce Religion, Potion Petition, Call Merchant, Bribe Branch


You were on level 11 of the Dungeon.
You worshipped Gozag.
Gozag was aware of your devotion.
You visited 2 branches of the dungeon, and saw 12 of its levels.

You collected 1310 gold pieces.
You spent 222 gold pieces at shops.
You paid 875 gold pieces to Gozag.

Inventory:

Hand Weapons
 a - a +2 war axe (weapon)
Missiles
 l - 56 poisoned darts (quivered)
Armour
 k - a +2 leather armour of cold resistance
 v - a +0 chain mail (worn)
 B - a +0 pair of gloves (worn)
 C - a +0 kite shield (worn)
 D - a +0 helmet (worn)
 E - a scarf of repulsion (worn)
Jewellery
 j - a +6 ring of dexterity (left hand)
 q - an amulet of reflection (around neck)
 t - a +4 ring of slaying (right hand)
 w - a ring of poison resistance
Wands
 y - a wand of polymorph (9)
 F - a wand of iceblast (7)
Scrolls
 b - a scroll of torment
 c - a scroll of silence
 d - a scroll of poison
 h - a scroll of amnesia
 n - 2 scrolls of teleportation
 p - a scroll of vulnerability
Potions
 e - a potion of invisibility {unknown}
 f - 3 potions of mutation
 g - 2 potions of brilliance
 i - a potion of haste
 m - a potion of lignification {unknown}
 o - 2 potions of heal wounds {unknown}
 r - 2 potions of enlightenment {unknown}
 s - 2 potions of curing
 u - a potion of magic {unknown}
 x - a potion of ambrosia {unknown}
 z - 2 potions of attraction {unknown}
 A - a potion of degeneration {unknown}


   Skills:
 + Level 10.9 Fighting
 + Level 11.4 Axes
 + Level 10.0 Armour
 + Level 10.0 Shields


You had 10 spell levels left.
You didn't know any spells.
Your spell library contained the following spells:

 Spells                   Type           Power      Damage    Failure   Level
 Shock                    Conj/Air       0%         1d3       97%         1
 Summon Small Mammal      Summ           0%         N/A       97%         1
 Static Discharge         Conj/Air       0%         3-3/arc   99%         2
 Sublimation of Blood     Necr           0%         N/A       99%         2
 Wereblood                Tmut           0%         N/A       99%         2
 Call Canine Familiar     Summ           0%         N/A       100%        3
 Summon Guardian Golem    Hex/Summ       0%         N/A       100%        3
 Swiftness                Air            0%         N/A       100%        3
 Volatile Blastmotes      Fire/Tloc      0%         2d10      100%        3
 Airstrike                Air            0%         2d(0-16)  100%        4
 Fulminant Prism          Conj/Hex       0%         3d5       100%        4
 Iskenderun's Mystic Bla  Conj/Tloc      0%         2d3       100%        4
 Summon Lightning Spire   Summ/Air       0%         N/A       100%        4
 Vhi's Electric Charge    Tloc/Air       0%         N/A       100%        4
 Arcjolt                  Conj/Air       0%         1d10      100%        5
 Summon Hydra             Summ           0%         N/A       100%        7
 Maxwell's Capacitive Co  Air            0%         ∞         100%        8


Dungeon Overview and Level Annotations

Branches:
Dungeon (10/15)            Temple (1/1) D:6            Lair (0/5) D:11
    Orc (0/2) D:9

Altars:
Ashenzari
Cheibriados
Dithmenos
Elyvilon
Fedhas
Gozag
Makhleb
Nemelex Xobeh
Okawaru
Ru
Sif Muna
Trog
Uskayaw
Vehumet
Wu Jian
Xom
Yredelemnul
Zin
The Shining One

Shops:
D:4 :   D:5 (   D:8 *[   D:10 *(


Message History

Something draws strength from your injuries!
You block the wraith's attack.
You hit the wraith but do no damage.
The wraith is lightly damaged.
You closely miss something.
You hear the loud crackling of a distant melting archway.
The wraith hits you.
* * * LOW HITPOINT WARNING * * *
The wraith drains your vigour!
You feel as though you will be slow longer.
You completely miss the wraith.
The wraith is lightly damaged.
You hit something. You block the wraith's attack. Something hits you.
* * * LOW HITPOINT WARNING * * *
Something bites you but does no damage. The wraith hits you but does no damage.
Unknown command.
You hit the wraith.
The wraith is moderately damaged.
You miss something. Something draws life force from you.
* * * LOW HITPOINT WARNING * * *
The wraith hits you but does no damage. Something hits you.
* * * LOW HITPOINT WARNING * * *
Something bites you!
* * * LOW HITPOINT WARNING * * *
Something draws strength from your injuries! [a] - 324 gold - invisibility and might [b] - 729 gold - haste, lignification, might and resistance [c] - 322 gold - resistance and might Purchase which effect?
You don't have enough gold for that! [a] - 324 gold - invisibility and might [b] - 729 gold - haste, lignification, might and resistance [c] - 322 gold - resistance and might Purchase which effect?
You no longer have enough gold to petition Gozag for potion effects.
You fade into invisibility!
You feel very mighty all of a sudden. You block the wraith's attack.
Something hits you but does no damage. Something bites you.
You die...
Your body crumbles into a pile of gold.

#.. .. #......PP...P.P
... #..P............
....#P..PP....PP..PP
....#...PP...>...P.. #
.........P...P....P.PP #
................./.... #
.....#........P...... #
....##......$.......
######.###[....W@...P.P.
...................P...#
..................P....#
.............P....PP....
###+#######....P.....P..
...............
......#.####..##
.......#.# ..#
#......#.# ..


You could see a wraith.

Vanquished Creatures
  A two-headed ogre (D:9)
  A manticore (D:9)
  A kobold demonologist (D:9)
  A troll (D:11)
  Prince Ribbit (D:9)
  A shadow (D:11)
  A vampire (D:11)
  6 yaks
  A steam dragon (shapeshifter) (D:11)
  A steam dragon (D:8)
  6 water moccasins
  2 black bears
  2 ice beasts (D:11)
  6 orc warriors
  An ogre (D:6)
  2 centaurs
  A phantom (D:6)
  4 kobold brigands
  4 bullfrogs
  A gnoll sergeant (D:6)
  6 scorpions
  8 wights
  16 killer bees
  6 hounds
  Crazy Yiuf (D:5)
  5 orc priests
  3 jellies
  3 iguanas
  Natasha (D:4)
  12 orc wizards
  8 adders
  2 shadow imps (D:6)
  2 dart slugs (D:4)
  35 orcs
  7 ball pythons
  10 bats
  9 endoplasms
  4 giant cockroaches
  8 goblins
  7 hobgoblins
  14 jackals
  A quokka (D:5)
  3 frilled lizards
  A goblin skeleton (D:6)
  3 hobgoblin zombies (D:6)
  22 kobolds
  A kobold skeleton (D:6)
  2 kobold zombies (D:6)
  An orc skeleton (D:6)
  An orc zombie (D:6)
  6 rats
252 creatures vanquished.

Vanquished Creatures (others)
  A kobold brigand (D:9)
1 creature vanquished.

Grand Total: 253 creatures vanquished

Notes
Turn   | Place    | Note
-------+----------+-------------------------------------------
     0 | D:1      | p00ps00p the Hill Orc Fighter began the quest for the Orb.
     0 | D:1      | Reached XP level 1. HP: 19/19 MP: 1/1
   248 | D:1      | Reached XP level 2. HP: 27/27 MP: 2/2
   286 | D:1      | Reached skill level 3 in Axes
   607 | D:1      | Reached XP level 3. HP: 33/33 MP: 3/3
  1162 | D:2      | Reached XP level 4. HP: 40/40 MP: 4/4
  1536 | D:3      | Found a faded altar of an unknown god.
  1582 | D:3      | Found a burning altar of Makhleb.
  1944 | D:3      | Noticed a scorpion
  1951 | D:3      | Killed a scorpion
  1952 | D:3      | Reached skill level 4 in Axes
  1952 | D:3      | Reached XP level 5. HP: 45/47 MP: 5/5
  2089 | D:3      | Found an ornate altar of the Wu Jian Council.
  2416 | D:4      | Reached skill level 5 in Fighting
  2440 | D:3      | Reached XP level 6. HP: 21/56 MP: 6/6
  3007 | D:4      | Found a hide-covered altar of Uskayaw.
  3014 | D:4      | Reached skill level 5 in Axes
  3546 | D:4      | Found Xaatamillo's Self-Published Books.
  3620 | D:4      | Noticed Natasha
  3623 | D:4      | Killed Natasha
  3624 | D:4      | Reached skill level 5 in Armour
  3651 | D:4      | Reached skill level 5 in Shields
  3883 | D:5      | Entered Level 5 of the Dungeon
  3884 | D:5      | Noticed a black bear
  3896 | D:4      | Reached XP level 7. HP: 61/61 MP: 7/7
  3962 | D:5      | Identified the +2 leather armour of Altruism {rElec rC-
                  | Str+3 Dex+2}
  4327 | D:5      | Found an iron altar of Okawaru.
  4331 | D:5      | Found Huymih's Weapon Emporium.
  4360 | D:5      | Reached skill level 6 in Axes
  4565 | D:5      | Reached XP level 8. HP: 71/71 MP: 8/8
  4594 | D:5      | Found a runed translucent door.
  4595 | D:5      | Noticed Crazy Yiuf
  4748 | D:5      | Killed Crazy Yiuf
  4947 | D:6      | Found a glowing golden altar of the Shining One.
  5248 | D:6      | Reached skill level 7 in Axes
  5267 | D:6      | Found a staircase to the Ecumenical Temple.
  5283 | Temple   | Entered the Ecumenical Temple
  5298 | Temple   | Became a worshipper of Gozag Ym Sagoz the Greedy
  5898 | D:7      | Found a sacrificial altar of Ru.
  5993 | D:7      | Reached XP level 9. HP: 68/79 MP: 9/9
  6053 | D:7      | Found a blossoming altar of Fedhas.
  6197 | D:7      | Found a broken altar of Ashenzari.
  6440 | D:7      | Reached skill level 8 in Axes
  6926 | D:8      | Found Wywkel's Armour Boutique.
  6939 | D:8      | Bought a +0 pair of gloves for 54 gold pieces
  7315 | D:8      | Found Coqep's Neck Hole.
  7319 | D:8      | Bought a scarf of repulsion for 168 gold pieces
  7693 | D:9      | Reached skill level 9 in Axes
  7747 | D:9      | Noticed a two-headed ogre
  7756 | D:9      | Killed a two-headed ogre
  7757 | D:9      | Reached XP level 10. HP: 67/91 MP: 10/10
  7803 | D:9      | Reached skill level 10 in Axes
  7852 | D:9      | Noticed a kobold demonologist
  7862 | D:9      | Killed a kobold demonologist
  8305 | D:9      | Reached skill level 10 in Fighting
  8306 | D:9      | Noticed a manticore
  8317 | D:9      | Killed a manticore
  8364 | D:9      | Noticed Prince Ribbit
  8385 | D:9      | Killed Prince Ribbit
  8668 | D:9      | Found a staircase to the Orcish Mines.
  8843 | D:9      | Found a shadowy altar of Dithmenos.
  9043 | D:10     | Entered Level 10 of the Dungeon
  9055 | D:10     | Found Bokkesm's Weapon Boutique.
  9065 | D:10     | You fall into a shaft and drop 1 floor!
  9080 | D:11     | Reached skill level 11 in Axes
  9080 | D:11     | Reached XP level 11. HP: 42/101 MP: 11/11
  9139 | D:11     | Found a blossoming altar of Fedhas.
  9506 | D:11     | Reached skill level 10 in Armour
  9515 | D:11     | Found a staircase to the Lair.
  9553 | D:11     | Reached skill level 10 in Shields
  9589 | D:11     | HP: 2/101 [something (7)]
  9590 | D:11     | Slain by a vampire

Illustrated notes

Levels and vault maps discovered:
D:1:      minmay_arrival_wavy_path, layout_loops_cross
D:2:      layout_basic
D:3:      layout_loops_ring, mainiacjoe_overflow_24_doors,
          pdpol_wu_jian_five_deadly_venoms, serial_bayou, serial_bayou_pond_a,
          serial_bayou_ford_a, serial_bayou_lagoon_b, serial_bayou_pond_a,
          basic_ecumenical_altar
D:4:      layout_basic, mainiacjoe_overflow_paths, nicolae_custom_books,
          uniq_natasha
D:5:      layout_cave_pools, lemuel_crystal_altar, serial_shops,
          nicolae_shop_bloodbath_and_beyond, nicolae_tricolors,
          uniq_crazy_yiuf_cottage
D:6:      layout_gridville, nicolae_tso_besieged_by_evil, temple_statues,
          kennysheep_generic_room_6
D:7:      layout_cave_pods, nicolae_ru_path_of_blood, grunt_temple_overflow_open
D:8:      layout_gridville, serial_shops, shop,
          nicolae_shop_sticking_my_neck_out
D:9:      layout_long_grid, marbit_many_paths, david_orc_4, uniq_prince_ribbit1
D:10:     layout_irregular_city, chequers_temple_overflow_minitemple,
          serial_shops, kennysheep_mini_moat, shop,
          nicolae_shop_window_shopping, kennysheep_generic_room_7
D:11:     layout_basic, due_lair_maze_entry_diamond, serial_ice, serial_ice_b,
          serial_ice_d, serial_ice_m, serial_ice_k, serial_ice_c, serial_ice_h,
          serial_ice_e, serial_ice_g, portal_ice_cave_entry_pillars_1,
          minmay_misc_feat_tower, fedhas_altar_3, uniq_josephine
Temple:   compressed_dpeg_circular_temple

Skill      XL: |  1  2  3  4  5  6  7  8  9 10 11 |
---------------+----------------------------------+-----
Axes           | 3 4 5 6 7 9 11 | 11.4
Fighting       | 4 5 6 7 9 10 | 10.9
Shields        | 4 5 6 8 9 10 | 10.0
Armour         | 4 5 6 8 9 10 | 10.0

Action                     |  1- 3 |  4- 6 |  7- 9 | 10-12 || total
---------------------------+-------+-------+-------+-------++-------
  Melee: War axe           |   120 |   154 |   217 |   211 ||   702
  Throw: Dart              |       |     4 |       |     5 ||     9
 Invoke: Call Merchant     |       |       |       |     1 ||     1
         Potion Petition   |       |       |       |     1 ||     1
    Use: Scroll            |     2 |     6 |     5 |     2 ||    15
         Potion            |       |       |       |     7 ||     7
   Stab: Distracted        |       |       |     1 |     1 ||     2
 Armour: Scale mail        |    73 |   159 |    59 |       ||   291
         Chain mail        |       |       |   105 |   172 ||   277
  Dodge: Dodged            |    61 |    71 |    74 |    54 ||   260
  Block: Buckler           |    32 |    62 |    66 |       ||   160
         Reflection        |       |       |     4 |     6 ||    10
         Kite shield       |       |       |    98 |   174 ||   272

Table legend: (Time is in decaauts)
 A = Elapsed time spent in this place.
 B = Non-inter-level travel time spent in this place.
 C = Inter-level travel time spent in this place.
 D = Time resting spent in this place.
 E = Time spent auto-exploring this place.
 F = Levels seen in this place.
 G = Mean time per level.
                   A        B        C        D        E       F      G
               +--------+--------+--------+--------+--------+-----+--------+
         Total |   9731 |   9338 |    393 |   1896 |   5465 |  12 |  810.9 |
       Dungeon |   9706 |   9322 |    384 |   1896 |   5465 |  11 |  882.4 |
        Temple |     24 |     15 |      9 |      0 |      0 |   1 |   24.0 |
               +--------+--------+--------+--------+--------+-----+--------+

Top non-repeatable levels by time:
     D:4: 1391 daAuts
     D:9: 1356 daAuts
     D:3: 1109 daAuts
     D:7: 991 daAuts
     D:5: 986 daAuts
     D:8: 936 daAuts
     D:6: 883 daAuts
     D:1: 789 daAuts
     D:2: 729 daAuts
    D:11: 510 daAuts
  Temple: 24 daAuts
    D:10: 22 daAuts
